 Dungeon Sprint DCSS version 0.27.1-33-g824d729ab1 (webtiles) character file.

Game seed: 1731180603382007874

5262 Hipnos the Ninja (level 10, -5/53 HPs)
             Began as a Spriggan Brigand on Nov 26, 2021.
             Was a High Priest of Trog.
             Slain by a hog (12 damage)
             ... in the Dungeon (Sprint I: "Red Sonja").
             The game lasted 00:07:19 (1953 turns).

Hipnos the Ninja (Spriggan Brigand)                 Turns: 1953, Time: 00:07:20

Health: -5/53      AC:  4    Str:  7    XL:     10   Next: 36%
Magic:  11/11      EV: 22    Int: 13    God:    Trog [*****.]
Gold:   252        SH:  9    Dex: 20    Spells: 9/9 levels left

rFire    . . .     SeeInvis +   a - +2 dagger
rCold    + + .     Faith    .   n - +2 buckler
rNeg     + + .     Spirit   .   b - +0 robe
rPois    .         Reflect  .   (helmet restricted)
rElec    .         Harm     .   m - +1 cloak of the Gate {Contam rC++ rN++}
rCorr    .         Rampage  .   (gloves unavailable)
Will     +....     NoTele   +   (boots unavailable)
Stlth    ++++++++++             (no amulet)
HPRegen  0.17/turn              (no ring)
MPRegen  0.12/turn              (no ring)

@: on berserk cooldown, slowed, quick
A: very small, no large weapons, unfitting armour, see invisible, speed 3
a: Renounce Religion, Berserk, Trog's Hand, Brothers in Arms


You were in the Dungeon.
You worshipped Trog.
Trog was extremely pleased with you.
You visited 1 branch You collected 971 gold pieces.
You spent 719 gold pieces at shops.

Inventory:

Hand Weapons
 a - a +2 dagger (weapon)
 j - a +0 short sword of distortion
Missiles
 d - 26 poisoned darts (quivered)
 e - 4 curare-tipped darts
Armour
 b - a +0 robe (worn)
 c - a +0 cloak
 m - the +1 cloak of the Gate (worn) {Contam rC++ rN++}
   (You bought it in a shop in the Dungeon)

   rC:        It greatly protects you from cold.
   rN:        It greatly protects you from negative energy.
   Contam:    It causes magical contamination when unequipped.
 n - a +2 buckler (worn)
Scrolls
 g - a scroll of fog {unknown}
 k - a scroll of blinking
 o - a scroll of immolation {unknown}
Potions
 f - 3 potions of curing
 h - a potion of haste
 i - 2 potions of magic
 l - a potion of invisibility {unknown}


   Skills:
 + Level 6.0 Fighting
 + Level 8.8 Short Blades
 + Level 7.0 Throwing
 + Level 7.8 Dodging
 O Level 27 Stealth
 + Level 2.7 Shields


You had 9 spell levels left.
You didn't know any spells.
Your spell library was empty.

Dungeon Overview and Level Annotations

Branches:
Dungeon (1/1)

Altars:
Cheibriados
Dithmenos
Elyvilon
Fedhas
Gozag
Hepliaklqana
Kikubaaqudgha
Makhleb
Nemelex Xobeh
Okawaru
Qazlal
Ru
Sif Muna
Trog
Uskayaw
Vehumet
Wu Jian
Xom
Yredelemnul
Zin
The Shining One
Jiyva
Lugonu

Shops:
D **[


Innate Abilities, Weirdness & Mutations

You are very small and have problems with some larger weapons.
You are too small for most types of armour.
You have supernaturally acute eyesight. (SInv)
You cover ground extremely quickly. (Speed+++)


Message History

* * * LOW HITPOINT WARNING * * *
The hog misses you. The hog bites you but does no damage.
There is an open door here.
Really walk into a travel-excluded area?
There is an open door here.
The hog misses you.
There is an open door here.
There is an open door here.
You block the hog's attack.
There is a viscous altar of Jiyva here.
There is an open door here.
There is an open door here.
The hog completely misses you.
Things that are here:
a +2 scythe of freezing; a +0 robe
There is an open door here.
You see here a +0 giant club.
There is an open door here.
The hog completely misses you.
Things that are here:
a +6 club; a +0 leather armour
Okay, then.
You hit the hog but do no damage.
The hog is heavily wounded.
You block the hog's attack.
You hit the hog.
The hog is heavily wounded.
The hog bites you.
* * * LOW HITPOINT WARNING * * *
There is an open door here.
The hog misses you. The hog completely misses you.
The hog completely misses you. The hog closely misses you. The hog bites you.
* * * LOW HITPOINT WARNING * * *
There is an open door here.
Things that are here:
a +6 club; a +0 leather armour The hog bites you!
You die...

#######################
#<.#.h@..#.)'..#__#..'.
#..').#.)'..#..'..'..#.
#..#####'#####'#__####)
#..####..#...#.#### ##
#..#__####..##)#
#..#_____##'#_.+
#⌠⌠#_.∩...'..._#
####_..__##_.#'##+###
#_____###'#.#(([)###


You could see a hog.

Vanquished Creatures
  Sonja (D)
  A deep troll (D)
  A lindwurm (D)
  2 kobold demonologists (D)
  4 demonic crawlers (D)
  A slime creature (D)
  Sigmund (D)
  A yak (D)
  11 hogs (D)
  A floating eye (D)
  An ogre (D)
  A jelly (D)
  Ijyb (D)
  A ballistomycete spore (D)
28 creatures vanquished.

Vanquished Creatures (others)
  2 hornets (D)
  A ballistomycete spore (D)
3 creatures vanquished.

Grand Total: 31 creatures vanquished

Notes
Turn   | Place    | Note
-------+----------+-------------------------------------------
     0 | D        | Hipnos the Spriggan Brigand began the quest for the Orb.
     0 | D        | Reached XP level 1. HP: 10/10 MP: 2/2
     1 | D        | Noticed Ijyb
     9 | D        | Killed Ijyb
    10 | D        | Reached skill level 9 in Stealth
    10 | D        | Reached XP level 2. HP: 15/15 MP: 3/3
    56 | D        | Noticed an ogre
    59 | D        | Killed an ogre
    60 | D        | Reached skill level 13 in Stealth
    60 | D        | Reached XP level 3. HP: 18/18 MP: 4/4
    60 | D        | Reached XP level 4. HP: 23/23 MP: 5/5
    69 | D        | Noticed Sigmund
    72 | D        | Killed Sigmund
    73 | D        | Reached skill level 16 in Stealth
    73 | D        | Reached XP level 5. HP: 27/27 MP: 6/6
    84 | D        | Found an ornate altar of the Wu Jian Council.
    84 | D        | Found a shimmering blue altar of Sif Muna.
    86 | D        | Found a radiant altar of Vehumet.
    91 | D        | Reached skill level 17 in Stealth
    91 | D        | Reached XP level 6. HP: 32/32 MP: 7/7
    93 | D        | Found Soiwnuhe's General Store.
    93 | D        | Found an ancient bone altar of Kikubaaqudgha.
    93 | D        | Found a hazy altar of Hepliaklqana.
    93 | D        | Found a stormy altar of Qazlal.
    93 | D        | Found a hide-covered altar of Uskayaw.
    93 | D        | Found a blossoming altar of Fedhas.
    93 | D        | Found a bloodstained altar of Trog.
    93 | D        | Found an iron altar of Okawaru.
    93 | D        | Found a basalt altar of Yredelemnul.
    93 | D        | Found a glowing golden altar of the Shining One.
    93 | D        | Found a snail-covered altar of Cheibriados.
    93 | D        | Found a sacrificial altar of Ru.
    93 | D        | Found a glowing silver altar of Zin.
    93 | D        | Found a shadowy altar of Dithmenos.
    93 | D        | Found a white marble altar of Elyvilon.
    93 | D        | Noticed a yak
   624 | D        | Killed a yak
   625 | D        | Reached skill level 19 in Stealth
   655 | D        | Found an opulent altar of Gozag.
   669 | D        | Found a sparkling altar of Nemelex Xobeh.
   674 | D        | Became a worshipper of Trog the Wrathful
   702 | D        | Found a burning altar of Makhleb.
   702 | D        | Found a viscous altar of Jiyva.
   702 | D        | Found a shimmering altar of Xom.
   702 | D        | Found a corrupted altar of Lugonu.
   702 | D        | Noticed a slime creature
   788 | D        | Noticed Sonja
   792 | D        | Killed Sonja
   793 | D        | Reached skill level 22 in Stealth
   793 | D        | Reached XP level 7. HP: 37/37 MP: 8/8
   793 | D        | Reached XP level 8. HP: 42/42 MP: 9/9
   945 | D        | Found Xettie Ecar's Assorted Antiques.
  1067 | D        | Noticed a deep troll
  1071 | D        | Killed a deep troll
  1071 | D        | Reached * piety under Trog
  1072 | D        | Reached skill level 5 in Short Blades
  1072 | D        | Reached skill level 5 in Throwing
  1072 | D        | Reached skill level 23 in Stealth
  1081 | D        | Found Ofitiwk's Armour Emporium.
  1086 | D        | Bought the +1 cloak of the Gate {Contam rC++ rN++} for 505
                  | gold pieces
  1139 | D        | Killed a slime creature
  1140 | D        | Reached skill level 24 in Stealth
  1395 | D        | Bought a +2 buckler for 214 gold pieces
  1425 | D        | Noticed a kobold demonologist
  1426 | D        | Noticed a kobold demonologist
  1444 | D        | Killed a kobold demonologist
  1444 | D        | Reached ** piety under Trog
  1445 | D        | Reached XP level 9. HP: 46/46 MP: 10/10
  1453 | D        | Killed a kobold demonologist
  1454 | D        | Reached skill level 25 in Stealth
  1522 | D        | Noticed a demonic crawler
  1522 | D        | Noticed a demonic crawler
  1522 | D        | Noticed a demonic crawler
  1522 | D        | Noticed a demonic crawler
  1524 | D        | Killed a demonic crawler
  1524 | D        | Reached *** piety under Trog
  1525 | D        | Killed a demonic crawler
  1527 | D        | Killed a demonic crawler
  1528 | D        | Reached skill level 5 in Dodging
  1528 | D        | Reached skill level 26 in Stealth
  1528 | D        | Reached skill level 1 in Shields
  1528 | D        | Killed a demonic crawler
  1536 | D        | Noticed a gargoyle
  1809 | D        | Noticed a lindwurm
  1811 | D        | Killed a lindwurm
  1811 | D        | Reached **** piety under Trog
  1812 | D        | Reached skill level 5 in Fighting
  1820 | D        | Reached XP level 10. HP: 51/51 MP: 11/11
  1821 | D        | Reached skill level 27 in Stealth
  1825 | D        | Reached ***** piety under Trog
  1953 | D        | Slain by a hog

Illustrated notes

Levels and vault maps discovered:
D:        dungeon_sprint_1 [red_sonja_temple_1, red_sonja_temple_small_1]

Skill      XL: |  1  2  3  4  5  6  7  8  9 10 |
---------------+-------------------------------+-----
Stealth        | 9 13 16 17 22 24 26 27 | 27.0
Fighting       | 2 3 4 5 6 |  6.0
Short Blades   | 3 4 5 6 8 |  8.8
Throwing       | 3 4 5 6 7 |  7.0
Dodging        | 2 3 4 5 7 |  7.8
Shields        | 1 2 |  2.7

Action                   |  1- 3 |  4- 6 |  7- 9 | 10-12 || total
-------------------------+-------+-------+-------+-------++-------
Melee: Dagger            |     7 |    29 |    43 |    82 ||   161
Throw: Dart              |       |     5 |       |       ||     5
Invok: Berserk           |       |       |     2 |     1 ||     3
       Trog's Hand       |       |       |       |     1 ||     1
  Use: Potion            |     1 |     1 |       |       ||     2
 Stab: Sleeping          |     1 |     3 |     8 |     4 ||    16
Armor: Robe              |       |     2 |    11 |     2 ||    15
Dodge: Dodged            |     4 |    11 |    29 |    41 ||    85
Block: Buckler           |       |       |    13 |    11 ||    24
